 Dungeon Crawl Stone Soup version 0.31.0-12-g77e489cdc1 (webtiles) character file.

Game seed: 7535005406105733048

53 Silvore the Covered (level 3, 0/33 HPs)
             Began as a Minotaur Fighter on Feb 24, 2024.
             Slain by a gnoll
             ... wielding a +0 spear
              (3 damage)
             ... on level 2 of the Dungeon.
             The game lasted 00:01:14 (758 turns).

Silvore the Covered (Minotaur Fighter)               Turns: 758, Time: 00:01:15

Health: 0/33       AC:  7    Str: 22    XL:     3   Next: 64%
Magic:  2/2        EV:  9    Int:  5    God:
Gold:   71         SH:  4    Dex:  9    Spells: 2/2 levels left

rFire   . . .        a - +1 flail
rCold   . . .        c - +0 buckler
rNeg    . . .        b - +0 scale mail
rPois   .            (helmet restricted)
rElec   .            (no cloak)
rCorr   .            (no gloves)
SInv    .            (no boots)
Will    .....        (no amulet) Stlth
                     (no ring)
HPRegen 0.25/turn    (no ring)
MPRegen 0.08/turn

%: no passive effects
@: no status effects
A: horns 2, retaliatory headbutt
a: no special abilities


You were on level 2 of the Dungeon.
You visited 1 branch of the dungeon, and saw 2 of its levels.

You collected 71 gold pieces.

Inventory:

Hand Weapons
 a - a +1 flail (weapon)
Armour
 b - a +0 scale mail (worn)
 c - a +0 buckler (worn)
Potions
 d - a potion of might
 f - a potion of invisibility {unknown}
 g - a potion of experience {unknown}
 h - 2 potions of curing {unknown}
 j - a potion of enlightenment {unknown}


   Skills:
 + Level 4.0 Fighting
 + Level 3.4 Maces & Flails
 + Level 4.1 Armour
 + Level 0.7 Dodging
 + Level 4.1 Shields


You had 2 spell levels left.
You didn't know any spells.
Your spell library was empty.

Dungeon Overview and Level Annotations

Branches:
Dungeon (2/15)

Altars:


Innate Abilities, Weirdness & Mutations

You have a pair of horns on your head.
You reflexively headbutt those who attack you in melee.


Message History

You thump the gnoll!
The gnoll is heavily wounded.
The gnoll closely misses you.
You hit the gnoll. You headbutt the gnoll.
The gnoll is heavily wounded.
The gnoll closely misses you. You furiously retaliate!
You headbutt the gnoll!
You kill the gnoll!
The gnoll hits you with a +0 whip.
Your Fighting skill increases to level 4!
You miss the frilled lizard.
The frilled lizard completely misses you.
The gnoll closely misses you. The gnoll barely misses you.
You completely miss the frilled lizard.
Your headbutt misses the frilled lizard.
The frilled lizard bites you but does no damage.
The gnoll hits you but does no damage.
The gnoll hits you from afar with a +0 spear.
The frilled lizard bites you. The gnoll hits you with a +0 whip.
Unknown command.
You sock the frilled lizard!
You kill the frilled lizard!
The gnoll barely misses you. The gnoll closely misses you.
The gnoll hits you from afar with a +0 spear!
You miss the frilled lizard. The gnoll closely misses you.
You furiously retaliate!
You headbutt the gnoll!
You kill the gnoll!
You block the frilled lizard's attack.
The gnoll hits you from afar with a +0 spear.
You miss the frilled lizard. You headbutt the frilled lizard.
You kill the frilled lizard!
The gnoll hits you from afar with a +0 spear.
* * * LOW HITPOINT WARNING * * *
The gnoll hits you with a +0 spear.
* * * LOW HITPOINT WARNING * * *
Things that are here:
a +0 flail; a frilled lizard corpse You barely miss the gnoll.
Your headbutt misses the gnoll. The gnoll hits you but does no damage.
You barely miss the gnoll. The gnoll hits you with a +0 spear.
You die...

######<#.#.#
#.#.#.#
#.....#
#.#...# #
#.##..####.#
#.##.......#
#.###...####
# #.#
###)#####.#
#.@.....###
###g.......
#........
#........
#........
#........
#.....[..
#........
#."......


You could see a gnoll.

Vanquished Creatures
  2 gnolls (D:2)
  A dart slug (D:1)
  3 bats (D:1)
  3 endoplasms
  3 goblins (D:1)
  2 hobgoblins (D:1)
  2 quokkas (D:1)
  6 ball pythons
  3 frilled lizards
  4 kobolds (D:1)
  A rat (D:1)
30 creatures vanquished.

Notes
Turn   | Place    | Note
-------+----------+-------------------------------------------
     0 | D:1      | Silvore the Minotaur Fighter began the quest for the Orb.
     0 | D:1      | Reached XP level 1. HP: 19/19 MP: 0/0
   140 | D:1      | Reached XP level 2. HP: 19/27 MP: 1/1
   460 | D:1      | Found a faded altar of an unknown god.
   594 | D:1      | Reached XP level 3. HP: 33/33 MP: 2/2
   758 | D:2      | Slain by a gnoll

Illustrated notes

Levels and vault maps discovered:
D:1:      lightli_arrival_farm, layout_basic, ebering_ecumenical_altar_hall,
          minmay_pentomino_z2
D:2:      layout_basic, basic_altar

Skill      XL: |  1  2  3 |
---------------+----------+-----
Maces & Flails | 3 |  3.4
Shields        | 4 |  4.1
Armour         | 4 |  4.1
Fighting       | 4 |  4.0
Dodging        | |  0.7

Action                     || total
---------------------------++-------
  Melee: Flail             ||    67
         Headbutt          ||     8
    Use: Scroll            ||     2
 Armour: Scale mail        ||    61
  Dodge: Dodged            ||    41
  Block: Buckler           ||    16
